 Dungeon Crawl Stone Soup version 0.21.1-1-g345015f (webtiles) character file.

116 kae the Insei (level 4, -11/33 HPs)
             Began as a Demonspawn Transmuter on June 9, 2018.
             Killed from afar by a kobold (39 damage)
             ... with an exploding inner flame
             ... hexed by the player character
             ... on level 3 of the Dungeon.
             The game lasted 00:02:16 (3191 turns).

kae the Insei (Demonspawn Transmuter)               Turns: 3191, Time: 00:02:17

Health: -11/33     AC:  3    Str: 10    XL:     4   Next: 70%
Magic:  6/7        EV: 13    Int: 14    God:
Gold:   82         SH:  0    Dex: 15    Spells: 2/8 levels left

rFire    . . .     SeeInvis .     - Unarmed
rCold    . . .     Gourm    .   (no shield)
rNeg     . . .     Faith    .   b - +1 robe
rPois    .         Spirit   .   (no helmet)
rElec    .         Reflect  .   (no cloak)
rCorr    .         Harm     .   (no gloves)
MR       .....                  (no boots)
Stlth    +.........             (no amulet)
HPRegen  0.11/turn              (no ring)
MPRegen  0.10/turn              (no ring)

@: appendage (expiring)
A: horns 2, sanguine armour 1
a: End Transformation


You were on level 3 of the Dungeon.
You were not hungry.
You had grown temporary horns.
You visited 1 branch of the dungeon, and saw 3 of its levels.

You collected 82 gold pieces.

Inventory:

Missiles
 a - 53 arrows
Armour
 b - a +1 robe (worn)
Scrolls
 j - a scroll of enchant armour
Potions
 e - a potion of agility
 h - 4 potions of curing
Books
 c - a book of Changes

   Spells                             Type                      Level
   a - Beastly Appendage              Transmutation                1
   b - Sticks to Snakes               Transmutation                2
   c - Spider Form                    Transmutation/Poison         3
   d - Ice Form                       Ice/Transmutation            4
   e - Blade Hands                    Transmutation                5
Comestibles
 d - 5 rations
 i - 2 chunks of flesh


   Skills:
 + Level 2.1 Fighting
 + Level 2.3 Dodging
 * Level 3.6 Unarmed Combat
 + Level 2.5 Spellcasting
 + Level 2.3 Transmutations


You had 2 spell levels left.
You knew the following spells:

 Your Spells              Type           Power        Failure   Level  Hunger
a - Beastly Appendage     Tmut           #.....       9%          1    #......
b - Sticks to Snakes      Tmut           #.......     13%         2    ###....
c - Spider Form           Tmut/Pois      #.........   38%         3    ###....


Dungeon Overview and Level Annotations

Branches:
Dungeon (3/15)

Altars:
Gozag
Ru
Wu Jian


Innate Abilities, Weirdness & Mutations

When seriously injured, your bleeding wounds create armour. (AC +0)
You have a pair of horns on your head.


Message History

h - 4 potions of curing
Casting: Beastly Appendage
Confirm with . or Enter, or press ? or * to list all spells.
You grow a pair of large bovine horns.
Your transformation is almost over.
The kobold shouts!
You hear an angry hiss.
You hear a shout!
Found a blowgun.
Found a stone staircase leading down.
You hit the kobold. Your headbutt misses the kobold.
The kobold is severely wounded.
You closely miss the kobold.
The kobold is severely wounded.
The kobold closely misses you.
You hit the kobold but do no damage.
The kobold is severely wounded.
The kobold hits you with a short sword.
You hit the kobold.
The kobold explodes!
The fiery explosion engulfs you!
Ouch! That really hurt!
You die...

#########
#<..!....
#@#######
#§# §§$
>....
###.##)
#.# .#
#.# # #.#


There were no monsters in sight!

Vanquished Creatures
  Robin (D:2)
  2 adders (D:2)
  An ooze (D:2)
  2 worms (D:2)
  2 dart slugs (D:1)
  A leopard gecko (D:1)
  2 giant cockroaches
  12 hobgoblins
  4 jackals (D:1)
  6 kobolds
  A quokka (D:2)
  7 bats
  3 frilled lizards
  19 goblins
  4 rats (D:1)
67 creatures vanquished.

Notes
Turn   | Place    | Note
-------+----------+-------------------------------------------
     0 | D:1      | kae the Demonspawn Transmuter began the quest for the Orb.
     0 | D:1      | Reached XP level 1. HP: 15/15 MP: 3/3
   368 | D:1      | Gained mutation: When seriously injured, your bleeding wounds create armour. (AC +0) [demonic ancestry]
   368 | D:1      | Reached XP level 2. HP: 13/21 MP: 1/5
   484 | D:1      | Learned a level 2 spell: Sticks to Snakes
   677 | D:1      | Reached skill level 3 in Unarmed Combat
   973 | D:1      | Reached XP level 3. HP: 22/26 MP: 6/6
   979 | D:1      | Learned a level 3 spell: Spider Form
  1841 | D:2      | Noticed Robin
  1890 | D:2      | Killed Robin
  1890 | D:2      | Reached XP level 4. HP: 18/33 MP: 5/7
  2294 | D:2      | Found an ornate altar of the Wu Jian Council.
  2851 | D:2      | Found a sacrificial altar of Ru.
  2957 | D:2      | Found an opulent altar of Gozag.
  3191 | D:3      | Killed from afar by a kobold

Skill      XL: |  1  2  3  4 |
---------------+-------------+-----
Dodging        | 2 |  2.3
Unarmed Combat | 3 |  3.6
Transmutations | 2 |  2.3
Fighting       | 2 |  2.1
Spellcasting   | |  2.5

Action                   |  1- 3 |  4- 6 || total
-------------------------+-------+-------++-------
Melee: Unarmed           |   161 |    68 ||   229
       Headbutt          |     9 |     4 ||    13
       Kick              |    15 |     3 ||    18
       Punch             |     2 |       ||     2
 Cast: Beastly Appendage |    22 |    12 ||    34
  Use: Scroll            |     2 |     3 ||     5
 Stab: Sleeping          |     1 |       ||     1
  Eat: Chunk             |     3 |     5 ||     8
Armor: Robe              |    34 |    10 ||    44
Dodge: Dodged            |    99 |    33 ||   132
